 Dungeon Crawl Stone Soup version 0.29-a0-997-gf6f7e2dfe7 (webtiles) character file.

Game seed: 15027896467156733783

98 Sabo the Gusty (level 4, -2/24 HPs)
             Began as a Tengu Air Elementalist on Aug 5, 2022.
             Was a Follower of the Shining One.
             Slain by a river rat (4 damage)
             ... in a sewer.
             The game lasted 00:18:57 (5255 turns).

Sabo the Gusty (Tengu Air Elementalist)             Turns: 5255, Time: 00:19:00

Health: -2/24      AC:  2    Str: 10    XL:     4   Next: 69%
Magic:  11/18      EV: 12    Int: 20    God:    the Shining One [*.....]
Gold:   95         SH:  5    Dex: 14    Spells: 8/9 levels left

rFire   . . .      SeeInvis .   f - +4 dagger
rCold   . . .      Faith    .   k - +2 buckler "Lahoghimuka" {rCorr Str+2 Int+2 Stlth+}
rNeg    . . .      Spirit   .   a - +0 robe
rPois   .          Reflect  .   (helmet restricted)
rElec   .          Harm     .   (no cloak)
rCorr   +          Rampage  .   (no gloves)
Will    .....                   (boots unavailable)
Stlth   ++........              p - amulet of the acrobat
HPRegen 0.08/turn               c - ring of wizardry
MPRegen 0.16/turn               i - ring of magical power

@: glowing
A: beak, talons 3
a: Renounce Religion, Divine Shield


You were in a sewer.
You worshipped the Shining One.
The Shining One was aware of your devotion.
You visited 1 branch of the dungeon, and saw 3 of its levels.
You also visited: Sewer.

You collected 95 gold pieces.

Inventory:

Hand Weapons
 f - a +4 dagger (weapon)
Missiles
 q - 3 poisoned darts
Armour
 a - a +0 robe (worn)
 k - the +2 buckler "Lahoghimuka" (worn) {rCorr Str+2 Int+2 Stlth+}
   (You found it on level 2 of the Dungeon)

   Str:       It affects your strength (+2).
   Int:       It affects your intelligence (+2).
   rCorr:     It protects you from acid and corrosion.
   Stlth:     It makes you more stealthy.
Jewellery
 c - a ring of wizardry (left hand)
 i - a ring of magical power (right hand)
 p - an amulet of the acrobat (around neck)
Scrolls
 d - a scroll of identify {unknown}
 e - a scroll of enchant armour {unknown}
 g - a scroll of vulnerability (quivered) {unknown}
 j - a scroll of poison
 l - a scroll of amnesia {unknown}
 n - a scroll of teleportation {unknown}
 o - a scroll of noise {unknown}
Potions
 b - a potion of magic
 h - a potion of degeneration {unknown}
 m - a potion of berserk rage {unknown}
 r - a potion of might {unknown}


   Skills:
 + Level 0.3 Maces & Flails
 + Level 2.2 Dodging
 + Level 2.7 Stealth
 + Level 3.1 Spellcasting
 + Level 2.2 Conjurations
 + Level 5.0 Air Magic


You had 8 spell levels left.
You knew the following spells:

 Your Spells              Type           Power      Damage    Failure   Level
a - Shock                 Conj/Air       68%        1d7       1%          1

Your spell library contained the following spells:

 Spells                   Type           Power      Damage    Failure   Level
 Static Discharge         Conj/Air       17%        3-6/arc   2%          2
 Magic Dart               Conj           48%        1d5       3%          1
 Swiftness                Air            23%        N/A       3%          3
 Searing Ray              Conj           24%        2d5       4%          2
 Airstrike                Air            11%        2d(2-18)  10%         4
 Blink                    Tloc           6%         N/A       12%         2
 Gell's Gravitas          Tloc           3%         N/A       22%         3
 Lesser Beckoning         Tloc           3%         N/A       22%         3
 Teleport Other           Tloc           3%         N/A       22%         3
 Fulminant Prism          Conj/Hex       3%         3d6       43%         4
 Manifold Assault         Tloc           3%         N/A       88%         5
 Storm Form               Tmut/Air       6%         N/A       100%        7


Dungeon Overview and Level Annotations

Branches:
Dungeon (3/15)              Sewer (1/1)

Altars:
The Shining One


Innate Abilities, Weirdness & Mutations

You have a beak for a mouth.
You have claws for feet.


Message History

Casting: Shock (safe; 1% risk of failure)
Confirm with . or Enter, or press ? or * to list all spells.
Aiming: Shock (safe; 1% risk of failure)
Press: ? - help, Shift-Dir - straight line, f - adder
Aim: an adder (haloed, 68% to hit)
The zap hits the adder.
The adder is heavily wounded.
The zap hits the adder.
The adder is almost dead.
You block the river rat's attack. The river rat bites you. The adder bites you.
Casting: Shock (safe; 1% risk of failure)
Confirm with . or Enter, or press ? or * to list all spells.
Aiming: Shock (safe; 1% risk of failure)
Press: ? - help, Shift-Dir - straight line, f/p - adder
Aim: an adder (almost dead, haloed, 68% to hit)
The zap hits the adder.
You kill the adder!
The river rat bites you!
* * * LOW HITPOINT WARNING * * *
The river rat bites you.
* * * LOW HITPOINT WARNING * * *
Casting: Shock (safe; 1% risk of failure)
Confirm with . or Enter, or press ? or * to list all spells.
Aiming: Shock (safe; 1% risk of failure)
Press: ? - help, Shift-Dir - straight line, f - river rat
Aim: a river rat (heavily wounded, haloed, 78% to hit)
The zap hits the river rat but does no damage.
The river rat is heavily wounded.
The river rat bites you! The Shining One protects you from harm!
The river rat barely misses you.
Casting: Shock (safe; 1% risk of failure)
Confirm with . or Enter, or press ? or * to list all spells.
Aiming: Shock (safe; 1% risk of failure)
Press: ? - help, Shift-Dir - straight line, f/p - river rat
Aim: a river rat (heavily wounded, haloed, 78% to hit)
The zap hits the river rat.
The river rat is severely wounded.
You block the river rat's attack. The river rat bites you.
You die...

##### ##### #∩..## ##### ###
##...######†@#####..∩# #####
..###.÷....#####rr##...######...#
.............##.†.....#####..÷...
.......................##........
................†................
.~..~...........†.............~.~
~≈~~≈~.~~...........~.~.~~~~~.~≈~
≈≈≈≈≈≈≈~≈~~~......~~~~~≈≈≈~≈≈≈~≈≈
≈≈≈≈≈≈≈≈≈≈~≈~~~.~~~~≈≈≈≈≈≈≈≈≈≈≈≈≈


You could see 2 river rats.

Vanquished Creatures
  2 adders (Sewer)
  2 river rats (Sewer)
  An orc (D:3)
  3 bats
  2 endoplasms
  A giant cockroach (D:2)
  7 goblins
  5 hobgoblins
  6 jackals (D:2)
  A quokka (D:1)
  5 ball pythons (D:1)
  4 frilled lizards
  9 kobolds
  16 rats
64 creatures vanquished.

Notes
Turn   | Place    | Note
-------+----------+-------------------------------------------
     0 | D:1      | Sabo the Tengu Air Elementalist began the quest for the
                  | Orb.
     0 | D:1      | Reached XP level 1. HP: 10/10 MP: 4/4
   373 | D:1      | Reached XP level 2. HP: 15/15 MP: 4/6
  1539 | D:1      | Reached XP level 3. HP: 19/19 MP: 2/7
  3042 | D:2      | Identified the +2 buckler "Lahoghimuka" {rCorr Str+2 Int+2
                  | Stlth+}
  3148 | D:2      | Found a faded altar of an unknown god.
  3631 | D:2      | Prayed at the altar of an unknown god.
  3631 | D:2      | Became a worshipper of the Shining One
  3631 | D:2      | Reached * piety under the Shining One
  4269 | D:3      | Found a glowing drain.
  4300 | Sewer    | Entered a sewer
  4883 | Sewer    | Reached XP level 4. HP: 24/24 MP: 9/9
  5251 | Sewer    | Reached skill level 5 in Air Magic
  5254 | Sewer    | The Shining One protects you from harm!
  5255 | Sewer    | Slain by a river rat

Illustrated notes

Levels and vault maps discovered:
D:1:      dpeg_arrival_morbid_curiosity, layout_basic
D:2:      layout_rooms, chequers_ecumenical_altar_island
D:3:      layout_basic, portal_sewer_entry_a
Sewer:    sewer_minmay_treatment

Skill      XL: |  1  2  3  4 |
---------------+-------------+-----
Conjurations   | 2 |  2.2
Air Magic      | 5 |  5.0
Spellcasting   | 3 |  3.1
Maces & Flails | |  0.3
Dodging        | |  2.2
Stealth        | |  2.7

Action                   |  1- 3 |  4- 6 || total
-------------------------+-------+-------++-------
Melee: Unarmed           |     7 |       ||     7
       Kick              |     3 |     1 ||     4
       Mace              |     2 |       ||     2
       Peck              |     4 |       ||     4
       Dagger            |    14 |     2 ||    16
 Cast: Shock             |    83 |    17 ||   100
  Use: Scroll            |     1 |       ||     1
 Stab: Sleeping          |     1 |       ||     1
Armor: Robe              |     4 |     1 ||     5
Dodge: Dodged            |    14 |    19 ||    33
Block: Buckler           |     3 |    16 ||    19

Table legend: (Time is in decaauts)
 A = Elapsed time spent in this place.
 B = Non-inter-level travel time spent in this place.
 C = Inter-level travel time spent in this place.
 D = Time resting spent in this place.
 E = Time spent auto-exploring this place.
 F = Levels seen in this place.
 G = Mean time per level.
                   A        B        C        D        E       F      G
               +--------+--------+--------+--------+--------+-----+--------+
         Total |   5270 |   5270 |      0 |   3157 |      0 |   4 | 1317.5 |
       Dungeon |   4312 |   4312 |      0 |   2421 |      0 |   3 | 1437.3 |
         Sewer |    958 |    958 |      0 |    736 |      0 |   1 |  958.0 |
               +--------+--------+--------+--------+--------+-----+--------+

Top non-repeatable levels by time:
     D:1: 2988 daAuts
     D:2: 1023 daAuts
   Sewer: 958 daAuts
     D:3: 299 daAuts
